 Dungeon Crawl Stone Soup version 0.24.0-123-gd5b16e6ec5 (webtiles) character file.

Game seed: 13839939139466115491, levelgen mode: deterministic

32 sagitran the Covered (level 2, -1/26 HPs)
             Began as a Demigod Fighter on Dec 20, 2019.
             Slain by a worm (9 damage)
             ... on level 2 of the Dungeon.
             The game lasted 00:03:08 (825 turns).

sagitran the Covered (Demigod Fighter)               Turns: 825, Time: 00:03:08

Health: -1/26      AC:  9    Str: 19    XL:     2   Next: 96%
Magic:  4/4        EV:  7    Int: 12    God:
Gold:   134        SH:  9    Dex: 15    Spells: 1/1 levels left

rFire    . . .     SeeInvis .   a - +0 long sword
rCold    . . .     Gourm    .   c - +0 shield
rNeg     . . .     Faith    .   b - +0 scale mail
rPois    .         Spirit   .   (no helmet)
rElec    .         Reflect  .   g - +0 cloak
rCorr    .         Harm     .   (no gloves)
MR       .....                  q - +0 pair of boots
Stlth    ..........             (no amulet)
HPRegen  0.08/turn              (no ring)
MPRegen  0.09/turn              (no ring)

@: no status effects
A: high mp 1
a: no special abilities


You were on level 2 of the Dungeon.
You were not hungry.

You visited 1 branch of the dungeon, and saw 2 of its levels.

You collected 134 gold pieces.

Inventory:

Hand Weapons
 a - a +0 long sword (weapon)
Armour
 b - a +0 scale mail (worn)
 c - a +0 shield (worn)
 g - a +0 cloak (worn)
 q - a +0 pair of boots (worn)
Scrolls
 h - a scroll of magic mapping {unknown}
 j - a scroll of fear {unknown}
 k - 3 scrolls of identify {unknown}
 n - a scroll of fog {unknown}
 p - a scroll of immolation {unknown}
 r - a scroll of teleportation {unknown}
Potions
 d - a potion of might
 e - 5 potions of curing {unknown}
 i - a potion of haste {unknown}
 l - a potion of agility {unknown}
 m - a potion of flight {unknown}
 o - a potion of brilliance {unknown}
Comestibles
 f - 2 rations


   Skills:
 + Level 3.1 Fighting
 + Level 2.0 Long Blades
 + Level 3.1 Armour
 + Level 0.3 Dodging
 + Level 3.0 Shields


You had one spell level left.
You didn't know any spells.
Your spell library was empty.

Dungeon Overview and Level Annotations

Branches:
Dungeon (2/15)


Innate Abilities, Weirdness & Mutations

You have an increased reservoir of magic. (+10% MP)


Message History

The giant cockroach barely misses you.
You riposte.
You barely miss the giant cockroach. You completely miss the worm.
The worm is lightly wounded.
You block the giant cockroach's attack. The worm bites you.
You hit the worm but do no damage.
The worm is lightly wounded.
You block the giant cockroach's attack. x2
You hit the worm but do no damage.
The worm is lightly wounded.
The giant cockroach bites you. You block the worm's attack.
You block the giant cockroach's attack.
You hit the worm but do no damage.
The worm is lightly wounded.
The giant cockroach bites you but does no damage.
The worm barely misses you.
You hit the worm.
The worm is lightly wounded.
You block the giant cockroach's attack. x2; The worm bites you!
You die...

###8### #.#.#.# #.#
### #.#.###..### ..
##.#.........
#.#####...<........
#.#...#.###########
#.#.#.#.#
##.......# ###
#..(###)..# ...
#....#@# #.#....# #
#....sw# #......#
### #..#....
....#.... ...
#.....##.##.....##.
...###. .. .###...
# .# .. . .... .#.
# #. .#. .. #..


You could see a worm and a giant cockroach.

Vanquished Creatures
  A leopard gecko (D:1)
  2 ball pythons (D:1)
  2 bats (D:1)
  A giant cockroach (D:1)
  4 goblins
  4 hobgoblins
  5 kobolds
  4 frilled lizards
  7 rats (D:1)
30 creatures vanquished.

Notes
Turn   | Place    | Note
-------+----------+-------------------------------------------
     0 | D:1      | sagitran the Demigod Fighter began the quest for the Orb.
     0 | D:1      | Reached XP level 1. HP: 18/18 MP: 3/3
   146 | D:1      | Reached XP level 2. HP: 24/25 MP: 4/4
   765 | D:2      | Found an ornate altar of the Wu Jian Council.
   766 | D:2      | Found a snail-covered altar of Cheibriados.
   825 | D:2      | Slain by a worm

Levels and vault maps discovered:
D:1:      tarquinn_simple_flora_water_f, layout_basic
D:2:      layout_loops_ring, gammafunk_temple_overflow_statue, first_ration,
          grunt_ministairs_2, minmay_misc_feat_nine_boxes,
          minmay_fractal_squares_5

Skill      XL: |  1  2 |
---------------+-------+-----
Fighting       | 3 |  3.1
Armour         | 3 |  3.1
Long Blades    | 2 |  2.0
Shields        | 3 |  3.0
Dodging        | |  0.3

Action                   || total
-------------------------++-------
Melee: Long sword        ||    97
Armor: Scale mail        ||    49
Dodge: Dodged            ||    48
Block: Shield            ||    63
       Rpst.: Long sword ||    14
